 Dungeon Crawl Stone Soup version 0.28.0-53-g5a82cb258f (webtiles) character file.

Game seed: 6567691240526619360

123 raph the Spear-Bearer (level 5, -1/38 HPs)
             Began as a Merfolk Gladiator on July 14, 2022.
             Was a Believer of Cheibriados.
             Succumbed to Sigmund's poison
             ... on level 2 of the Dungeon.
             The game lasted 00:02:46 (1935 turns).

raph the Spear-Bearer (Merfolk Gladiator)           Turns: 1935, Time: 00:02:47

Health: -1/38      AC:  7    Str: 20    XL:     5   Next: 7%
Magic:  2/5        EV: 12    Int: 12    God:    Cheibriados [**....]
Gold:   56         SH:  0    Dex: 22    Spells: 4/4 levels left

rFire   . . .      SeeInvis .   a - +0 trident
rCold   . . .      Faith    .   (no shield)
rNeg    . . .      Spirit   .   h - +0 scale mail
rPois   +          Reflect  .   c - +0 helmet
rElec   .          Harm     .   (no cloak)
rCorr   .          Rampage  .   (no gloves)
Will    .....                   (no boots)
Stlth   ..........              (no amulet)
HPRegen 0.12/turn               f - ring of poison resistance
MPRegen 0.09/turn               (no ring)

@: lethally poisoned (-1 -> -14), very slow
A: (nimble swimmer 2), mertail
a: Renounce Religion, Bend Time


You were on level 2 of the Dungeon.
You worshipped Cheibriados.
Cheibriados was pleased with you.
You visited 1 branch of the dungeon, and saw 3 of its levels.

You collected 56 gold pieces.

Inventory:

Hand Weapons
 a - a +0 trident (weapon)
Missiles
 d - 3 throwing nets
 e - 6 javelins
 g - 2 atropa-tipped darts
 j - 5 poisoned darts (quivered)
 k - 5 silver boomerangs
Armour
 b - a +0 leather armour
 c - a +0 helmet (worn)
 h - a +0 scale mail (worn)
Jewellery
 f - a ring of poison resistance (left hand)
 m - a ring of fire
Potions
 n - a potion of mutation


   Skills:
 - Level 2.1 Fighting
 + Level 8.1 Polearms
 - Level 2.0 Throwing
 - Level 4.0 Dodging


You had 4 spell levels left.
You didn't know any spells.
Your spell library was empty.

Dungeon Overview and Level Annotations

Branches:
Dungeon (3/15)

Altars:
Cheibriados

Annotations:
D:3 Sigmund


Innate Abilities, Weirdness & Mutations

((You are very nimble when in or above water. (Stealth+, EV+, Speed+++)))
Your lower body shifts to a powerful aquatic tail in water.


Message History

Sigmund drinks a potion.
Sigmund seems to grow stronger.
The adder bites you but does no damage.
You puncture the adder!
You kill the adder!
Cheibriados appreciates the change of pace.
Sigmund hits you from afar with a +5 scythe of venom!
The bat hits you but does no damage.
Your Polearms skill increases to level 8!
You have reached level 5!
You feel stronger.
You puncture the bat!
You kill the bat!
Cheibriados thoroughly appreciates the change of pace.
The endoplasm hits you but does no damage.
You completely miss the endoplasm.
Sigmund hits you from afar with a +5 scythe of venom!
You are poisoned.
The endoplasm hits you but does no damage.
You feel sick. The endoplasm freezes you.
You are frozen.
Sigmund hits you from afar with a +5 scythe of venom!
* * * LOW HITPOINT WARNING * * *
You are more poisoned.
You climb upwards.
* * * LOW HITPOINT WARNING * * *
You feel very sick.
There is a stone staircase leading down here.
Okay, then.
Okay, then.
You puncture the endoplasm!
You kill the endoplasm!
Cheibriados appreciates the change of pace.
* * * LOW HITPOINT WARNING * * *
You feel sick.
There is a lethal amount of poison in your body!
Okay, then.
You aren't carrying any scrolls.
The flow of time bends around you.
You die...

###.###.##.....)...#..######...##
###.............#.....# #....#
....###..#............########...
##### #.........#.(........###.##
# #.#......##......###.....##
#######.####.#..........######..#
.............#........#..# ##..
...........#...##.....##.# #.#
..(...........#.@.#.#.##.# ####..
............#...###)#..#.###.....
............###...........#..####
†...........................## #
............##.#............># ##
...............#########..##.###.
....................## #..##.##..
.......)..#.##....#..####.......#
........#...............#.###..##


There were no monsters in sight!

Vanquished Creatures
  A jelly (D:2)
  Natasha (D:2)
  3 adders
  A dart slug (D:1)
  3 ball pythons
  2 endoplasms
  7 goblins
  2 hobgoblins (D:2)
  2 quokkas (D:1)
  8 bats
  2 frilled lizards (D:1)
  5 kobolds
  5 rats
42 creatures vanquished.

Notes
Turn   | Place    | Note
-------+----------+-------------------------------------------
     0 | D:1      | raph the Merfolk Gladiator began the quest for the Orb.
     0 | D:1      | Reached XP level 1. HP: 16/16 MP: 1/1
   176 | D:1      | Reached skill level 5 in Polearms
   197 | D:1      | Reached XP level 2. HP: 15/22 MP: 2/2
   331 | D:1      | Found a faded altar of an unknown god.
   341 | D:1      | Prayed at the altar of an unknown god.
   341 | D:1      | Became a worshipper of Cheibriados the Contemplative
   341 | D:1      | Reached * piety under Cheibriados
   973 | D:2      | Reached skill level 6 in Polearms
   973 | D:2      | Reached XP level 3. HP: 27/27 MP: 3/3
  1025 | D:2      | Reached ** piety under Cheibriados
  1291 | D:2      | Reached skill level 7 in Polearms
  1291 | D:2      | Reached XP level 4. HP: 22/33 MP: 4/4
  1799 | D:2      | Noticed Natasha
  1805 | D:2      | Killed Natasha
  1924 | D:3      | Noticed Sigmund
  1930 | D:3      | Reached skill level 8 in Polearms
  1930 | D:3      | Reached XP level 5. HP: 28/38 MP: 5/5
  1934 | D:2      | HP: 1/38 [poisoned by Sigmund]
  1935 | D:2      | Succumbed to Sigmund's poison

Illustrated notes

Levels and vault maps discovered:
D:1:      dpeg_arrival_central, layout_rooms, nicolae_ecumenical_snake_handling,
          minmay_tree_intersection
D:2:      layout_rooms, eino_tiny_chamber, uniq_natasha
D:3:      layout_loops_ring, portal_sewer_entry_d, corexii_shack, uniq_sigmund

Skill      XL: |  1  2  3  4 |
---------------+-------------+-----
Polearms       | 5 6 7 8 |  8.1
Fighting       | |  2.1
Throwing       | |  2.0
Dodging        | |  4.0

Action                   |  1- 3 |  4- 6 || total
-------------------------+-------+-------++-------
Melee: Trident           |   108 |    18 ||   126
Throw: Dart              |       |     8 ||     8
Invok: Bend Time         |       |     1 ||     1
  Use: Scroll            |       |     4 ||     4
 Stab: Sleeping          |     1 |       ||     1
Armor: Leather armour    |    26 |       ||    26
       Scale mail        |     2 |    11 ||    13
Dodge: Dodged            |    71 |     5 ||    76
